[ AOE2 MATCH · #477751297 ]
1v1 RMEthiopians vs Slavs
Player's team · LOSS
Rival team · WIN
[ REPLAY ANALYSIS · EXTRACTED FROM THE RECORDED GAME ]
Feudal
14:19
Castle
25:48
Imperial
—
| APM avg | 9.2 |
| APM peak | 20 |
| eAPM avg | 7.7 |
| Villagers / military | 56 / 122 |
Focus
⚔️ 34.3% · 🌾 65.7%
Archer ×46 · Spearman ×45 · Shotel Warrior ×19 · Battering Ram ×9 · Monk ×3
Feudal
13:46
Castle
19:55
Imperial
38:28
| APM avg | 8.9 |
| APM peak | 25 |
| eAPM avg | 8.7 |
| Villagers / military | 112 / 47 |
Focus
⚔️ 24.3% · 🌾 75.7%
Boyar ×43 · Trebuchet (Packed) ×4
Match map
Initial resources + every placement click. Lines = walls · curves = elevation contours. ◆ gold · ⬟ stone · ● berries · ✦ relic · ◌ wall gap
Your base· ✓ Closed at 25:48 · 8t walls · 2 gate(s)
vinicius_ibarrasb's base· ✓ Closed at 19:55 · 0t walls · 2 gate(s)
Smoothed initial terrain · ◌ = detected wall gap · hover for details
Inputs per minute
— netob2013 - - vinicius_ibarrasb
Build order — netob2013
First 150 of 239 actions detected
| 0:16 | Build | House |
| 0:23 | Build | House |
| 0:24 | Build | House |
| 0:26 | Build | House |
| 0:30 | Research | Loom |
| 0:31 | Create | Villager (Male) |
| 0:31 | Create | Villager (Male) |
| 0:31 | Create | Villager (Male) |
| 0:32 | Create | Villager (Male) |
| 2:11 | Create | Villager (Male) |
| 2:57 | Create | Villager (Male) |
| 3:30 | Create | Villager (Male) |
| 4:21 | Create | Villager (Male) |
| 4:22 | Create | Villager (Male) |
| 4:35 | Create | Villager (Male) |
| 4:47 | Build | Mill |
| 5:12 | Create | Villager (Male) |
| 6:04 | Build | Lumber Camp |
| 6:18 | Create | Villager (Male) |
| 6:20 | Create | Villager (Male) |
| 6:20 | Create | Villager (Male) |
| 6:35 | Create | Villager (Male) |
| 6:52 | Build | Farm |
| 7:02 | Create | Villager (Male) |
| 7:13 | Build | Farm |
| 7:25 | Create | Villager (Male) |
| 7:33 | Create | Villager (Male) |
| 8:07 | Build | Mining Camp |
| 8:18 | Create | Villager (Male) |
| 8:23 | Create | Villager (Male) |
| 8:31 | Create | Villager (Male) |
| 8:41 | Create | Villager (Male) |
| 9:08 | Create | Villager (Male) |
| 9:20 | Build | House |
| 9:22 | Build | House |
| 9:23 | Build | House |
| 9:25 | Build | House |
| 9:42 | Build | Farm |
| 9:49 | Create | Villager (Male) |
| 9:49 | Create | Villager (Male) |
| 10:07 | Build | Farm |
| 10:33 | Build | Mining Camp |
| 10:59 | Build | Farm |
| 11:48 | Build | Farm |
| 12:03 | Research | Feudal Age |
| 12:21 | Build | Outpost |
| 12:56 | Build | Barracks |
| 13:12 | Create | Villager (Male) |
| 13:13 | Create | Villager (Male) |
| 13:13 | Create | Villager (Male) |
| 13:14 | Create | Villager (Male) |
| 13:16 | Create | Villager (Male) |
| 14:13 | Build | Outpost |
| 14:19 | Age | Feudal Age |
| 14:23 | Build | Stone Wall |
| 14:28 | Build | Watch Tower |
| 14:34 | Research | Arson |
| 14:35 | Create | Spearman |
| 14:35 | Create | Spearman |
| 14:35 | Create | Spearman |
| 14:36 | Create | Spearman |
| 14:37 | Create | Spearman |
| 14:37 | Create | Spearman |
| 14:45 | Research | Double-Bit Axe |
| 14:58 | Research | Horse Collar |
| 15:31 | Create | Villager (Male) |
| 15:34 | Create | Villager (Male) |
| 15:48 | Build | Stone Wall |
| 16:00 | Build | Watch Tower |
| 16:06 | Create | Spearman |
| 16:07 | Create | Spearman |
| 16:17 | Create | Spearman |
| 16:33 | Create | Villager (Male) |
| 17:25 | Build | House |
| 17:26 | Build | House |
| 17:27 | Build | House |
| 17:29 | Build | House |
| 17:30 | Build | House |
| 17:31 | Build | House |
| 17:39 | Build | House |
| 17:51 | Create | Villager (Male) |
| 17:52 | Create | Villager (Male) |
| 17:53 | Create | Villager (Male) |
| 18:14 | Build | Archery Range |
| 18:26 | Create | Spearman |
| 18:27 | Create | Spearman |
| 19:03 | Build | House |
| 20:09 | Build | Blacksmith |
| 20:14 | Build | Archery Range |
| 20:17 | Build | Archery Range |
| 20:34 | Research | Gold Mining |
| 20:37 | Create | Villager (Male) |
| 20:38 | Create | Villager (Male) |
| 20:40 | Research | Wheelbarrow |
| 21:08 | Create | Archer |
| 21:09 | Create | Archer |
| 21:09 | Create | Archer |
| 21:09 | Create | Archer |
| 21:10 | Create | Archer |
| 22:04 | Create | Archer |
| 22:04 | Create | Archer |
| 23:08 | Research | Castle Age |
| 23:17 | Create | Archer ×5 |
| 23:17 | Create | Archer ×5 |
| 23:27 | Build | Barracks |
| 23:29 | Build | Barracks |
| 23:42 | Build | Farm |
| 23:44 | Build | Farm |
| 24:21 | Create | Villager (Male) |
| 24:21 | Create | Villager (Male) |
| 24:22 | Create | Villager (Male) |
| 24:22 | Create | Villager (Male) |
| 24:33 | Create | Villager (Male) |
| 24:43 | Create | Archer |
| 24:44 | Create | Archer |
| 24:44 | Create | Archer |
| 24:45 | Create | Archer |
| 24:55 | Build | Archery Range |
| 24:59 | Build | Archery Range |
| 25:48 | Age | Castle Age |
| 25:53 | Build | Castle |
| 26:03 | Build | Monastery |
| 26:12 | Build | Town Center |
| 26:16 | Research | Bow Saw |
| 26:53 | Build | Farm |
| 26:58 | Create | Shotel Warrior |
| 26:58 | Create | Shotel Warrior |
| 26:58 | Create | Shotel Warrior |
| 26:58 | Create | Shotel Warrior |
| 26:59 | Create | Shotel Warrior |
| 26:59 | Create | Shotel Warrior |
| 26:59 | Create | Shotel Warrior |
| 26:59 | Create | Shotel Warrior |
| 26:59 | Create | Shotel Warrior |
| 27:00 | Create | Shotel Warrior |
| 27:00 | Create | Shotel Warrior |
| 27:01 | Create | Shotel Warrior |
| 27:09 | Build | Farm |
| 27:17 | Create | Monk |
| 27:51 | Build | Farm |
| 27:59 | Build | House |
| 28:07 | Create | Shotel Warrior |
| 28:08 | Create | Shotel Warrior |
| 28:08 | Create | Shotel Warrior |
| 28:08 | Create | Shotel Warrior |
| 28:09 | Create | Shotel Warrior |
| 28:20 | Create | Monk |
| 28:35 | Build | Farm |
| 28:41 | Build | House |
| 28:42 | Build | House |
Build order — vinicius_ibarrasb
First 150 of 259 actions detected
| 0:07 | Research | Loom |
| 0:08 | Create | Villager (Male) |
| 0:08 | Create | Villager (Male) |
| 0:08 | Create | Villager (Male) |
| 0:09 | Create | Villager (Male) |
| 0:18 | Build | House |
| 0:19 | Build | House |
| 0:21 | Build | House |
| 0:22 | Build | House |
| 2:09 | Create | Villager (Male) |
| 2:34 | Create | Villager (Male) |
| 2:43 | Build | Mill |
| 3:37 | Create | Villager (Male) |
| 3:38 | Create | Villager (Male) |
| 4:49 | Create | Villager (Male) |
| 4:50 | Create | Villager (Male) |
| 4:50 | Create | Villager (Male) |
| 4:50 | Create | Villager (Male) |
| 5:07 | Create | Villager (Male) |
| 5:21 | Create | Villager (Male) |
| 5:38 | Create | Villager (Male) |
| 7:07 | Create | Villager (Male) |
| 7:07 | Create | Villager (Male) |
| 7:08 | Create | Villager (Male) |
| 7:08 | Create | Villager (Male) |
| 7:08 | Create | Villager (Male) |
| 7:08 | Create | Villager (Male) |
| 7:09 | Create | Villager (Male) |
| 8:59 | Build | Lumber Camp |
| 9:09 | Build | House |
| 9:09 | Build | House |
| 9:29 | Build | Farm |
| 10:06 | Build | Farm |
| 10:21 | Create | Villager (Male) |
| 10:21 | Create | Villager (Male) |
| 10:21 | Create | Villager (Male) |
| 10:27 | Build | Farm |
| 10:39 | Build | Mining Camp |
| 10:50 | Build | Farm |
| 11:28 | Research | Feudal Age |
| 13:46 | Age | Feudal Age |
| 13:47 | Build | Farm |
| 13:49 | Build | Farm |
| 13:50 | Build | Farm |
| 13:52 | Build | Farm |
| 13:53 | Build | Farm |
| 13:54 | Build | Farm |
| 13:58 | Build | Farm |
| 14:03 | Create | Villager (Male) |
| 14:03 | Create | Villager (Male) |
| 14:04 | Create | Villager (Male) |
| 14:15 | Research | Double-Bit Axe |
| 14:17 | Research | Horse Collar |
| 14:34 | Build | Farm |
| 14:39 | Build | Blacksmith |
| 14:59 | Build | Market |
| 15:06 | Create | Villager (Male) |
| 15:17 | Build | Mining Camp |
| 15:25 | Create | Villager (Male) |
| 16:11 | Create | Villager (Male) |
| 17:15 | Research | Castle Age |
| 17:41 | Build | House |
| 17:42 | Build | House |
| 17:43 | Build | House |
| 17:44 | Build | House |
| 17:45 | Build | House |
| 17:51 | Build | Barracks |
| 18:59 | Build | Stable |
| 19:11 | Create | Villager (Male) |
| 19:12 | Create | Villager (Male) |
| 19:12 | Create | Villager (Male) |
| 19:13 | Create | Villager (Male) |
| 19:13 | Create | Villager (Male) |
| 19:14 | Create | Villager (Male) |
| 19:14 | Create | Villager (Male) |
| 19:15 | Create | Villager (Male) |
| 19:15 | Create | Villager (Male) |
| 19:15 | Create | Villager (Male) |
| 19:55 | Age | Castle Age |
| 20:01 | Build | Town Center |
| 20:08 | Build | Town Center |
| 21:00 | Create | Villager (Male) |
| 21:00 | Create | Villager (Male) |
| 21:01 | Create | Villager (Male) |
| 21:01 | Create | Villager (Male) |
| 21:02 | Create | Villager (Male) |
| 21:08 | Create | Villager (Male) |
| 21:09 | Create | Villager (Male) |
| 21:09 | Create | Villager (Male) |
| 21:10 | Create | Villager (Male) |
| 21:10 | Create | Villager (Male) |
| 21:13 | Create | Villager (Male) |
| 21:38 | Build | Town Center |
| 21:47 | Create | Villager (Male) |
| 21:48 | Create | Villager (Male) |
| 21:48 | Create | Villager (Male) |
| 22:35 | Create | Villager (Male) |
| 22:35 | Create | Villager (Male) |
| 23:15 | Create | Villager (Male) |
| 23:15 | Create | Villager (Male) |
| 23:16 | Create | Villager (Male) |
| 23:16 | Create | Villager (Male) |
| 23:16 | Create | Villager (Male) |
| 23:16 | Create | Villager (Male) |
| 23:17 | Create | Villager (Male) |
| 23:17 | Create | Villager (Male) |
| 23:24 | Build | Castle |
| 23:37 | Build | Castle |
| 23:58 | Build | Castle |
| 24:10 | Create | Villager (Male) |
| 24:10 | Create | Villager (Male) |
| 24:10 | Create | Villager (Male) |
| 24:10 | Create | Villager (Male) |
| 24:11 | Create | Villager (Male) |
| 24:44 | Create | Villager (Male) |
| 24:44 | Create | Villager (Male) |
| 24:45 | Create | Villager (Male) |
| 24:45 | Create | Villager (Male) |
| 24:59 | Build | Farm |
| 25:01 | Build | Farm |
| 25:02 | Build | Farm |
| 25:03 | Build | Farm |
| 25:05 | Build | Farm |
| 25:07 | Build | Farm |
| 25:08 | Build | Farm |
| 25:09 | Build | Farm |
| 25:11 | Build | Farm |
| 25:12 | Build | Farm |
| 25:13 | Build | Farm |
| 25:15 | Build | Farm |
| 25:16 | Build | Farm |
| 25:17 | Build | Farm |
| 25:19 | Build | Farm |
| 25:20 | Build | Farm |
| 25:21 | Build | Farm |
| 25:22 | Build | Farm |
| 25:39 | Create | Villager (Male) |
| 25:39 | Create | Villager (Male) |
| 25:39 | Create | Villager (Male) |
| 25:39 | Create | Villager (Male) |
| 26:13 | Build | Farm |
| 26:18 | Build | Farm |
| 26:24 | Build | Farm |
| 26:30 | Build | Farm |
| 26:52 | Build | Mining Camp |
| 27:11 | Create | Villager (Male) |
| 27:11 | Create | Villager (Male) |
| 27:11 | Create | Villager (Male) |
| 27:12 | Create | Villager (Male) |
| 27:12 | Create | Villager (Male) |
Match timeline
| 12:56 | netob2013 · first_building Barracks |
| 13:46 | vinicius_ibarrasb · age_up feudal |
| 14:19 | netob2013 · age_up feudal |
| 14:23 | netob2013 · wall_segment Stone Wall x4 |
| 15:48 | netob2013 · wall_segment Stone Wall x4 |
| 17:51 | vinicius_ibarrasb · first_building Barracks |
| 18:14 | netob2013 · first_building Archery Range |
| 18:59 | vinicius_ibarrasb · first_building Stable |
| 19:55 | vinicius_ibarrasb · age_up castle |
| 23:24 | vinicius_ibarrasb · first_building Castle |
| 25:48 | netob2013 · age_up castle |
| 25:53 | netob2013 · first_building Castle |
| 26:03 | netob2013 · first_building Monastery |
| 29:39 | netob2013 · first_building Siege Workshop |
| 38:28 | vinicius_ibarrasb · age_up imperial |
| 41:29 | netob2013 · resign |
[ AI ANALYSIS · 1 CREDIT ]
What really happened in this match?
Wolo.gg analyzes every decision: build order, eco, micro, common mistakes by bracket. Personalized analysis on WhatsApp or Discord in 30 seconds.
Civ guide
Ethiopians
Map guide
Arena
Perfil
Jugador #6830603